 Dungeon Crawl Stone Soup version 0.20-a0-820-g557356e (webtiles) character file.

105 Aksej the Sneak (level 4, -1/30 HPs)
             Began as an Octopode Assassin on Mar 4, 2017.
             Slain by a crimson imp (2 damage)
             ... on level 3 of the Dungeon.
             The game lasted 00:03:13 (1598 turns).

Aksej the Sneak (Octopode Assassin)                 Turns: 1598, Time: 00:03:13

Health: -1/30      AC:  1    Str: 10    XL:     4   Next: 83%
Magic:  4/4        EV: 13    Int: 13    God:
Gold:   166        SH:  0    Dex: 14    Spells: 3/3 levels left

rFire    . . .     SeeInvis .   a - +2 dagger
rCold    . . .     Gourm    .   (no shield)
rNeg     . . .     Faith    .   (helmet restricted)
rPois    .         Spirit   .   (no amulet)
rElec    .         Reflect  .   (no ring)
rCorr    .         Harm     .   (no ring)
MR       .....                  (no ring)
Stlth    ++++......             (no ring)
Regen    0.1/turn               (no ring)
MPRegen  0.1/turn               (no ring)
                                (no ring)
                                (no ring)

@: no status effects
A: almost no armour, stealthy swim, amphibious, 8 rings, constrict 8, camouflage
1, gelatinous body 1
a: no special abilities


You were on level 3 of the Dungeon.
You were not hungry.

You visited 1 branch of the dungeon, and saw 3 of its levels.

You collected 166 gold pieces.

Inventory:

Hand Weapons
 a - a +2 dagger (weapon)
 b - a +0 blowgun
Missiles
 c - 8 poisoned needles
 d - 2 curare-tipped needles
 l - 3 tomahawks (quivered)
Scrolls
 g - a scroll of fog
Potions
 e - a potion of magic
 k - a potion of heal wounds
Comestibles
 f - 3 bread rations
 h - a meat ration
 m - 3 fruits
 q - a royal jelly


   Skills:
 + Level 2.3 Fighting
 * Level 2.8 Short Blades
 + Level 2.2 Throwing
 + Level 1.5 Dodging
 + Level 7.1 Stealth


You had 3 spell levels left.
You didn't know any spells.

Dungeon Overview and Level Annotations

Branches:
Dungeon (3/15)

Altars:


Innate Abilities, Weirdness & Mutations

You cannot wear most types of armour.
You are very stealthy in the water. (Stealth+)
You are amphibious.
You can wear up to eight rings at the same time.
You can use your tentacles to constrict eight enemies at once.
Your skin changes colour to match your surroundings (Stealth+).
Your rubbery body absorbs attacks. (AC +1, EV +1)


Message History

* * * LOW HITPOINT WARNING * * *
You hit the orc but do no damage. You squeeze the orc.
You kill the orc!
The rat closely misses you.
You closely miss the crimson imp. Your grab misses the crimson imp.
The crimson imp hits you.
* * * LOW HITPOINT WARNING * * *
The rat misses you.
You hit the crimson imp. Your grab misses the crimson imp.
Your squeeze misses the crimson imp.
The crimson imp is moderately wounded.
The crimson imp laughs crazily.
The crimson imp hits you.
* * * LOW HITPOINT WARNING * * *
You hit the crimson imp but do no damage.
You grab the crimson imp. You squeeze the crimson imp.
The crimson imp is heavily wounded.
You constrict the crimson imp. The rat barely misses you.
The crimson imp hits you.
You die...

...... .. ....
....... .# ....
#..... .......
#.#.# .#..... #
#.... .......
#.##.#.###.......
..............#
..#.##r#........#
.......@.###....#
......5###
.#..... .......
.# .... ###.#..
.# #.. # #.. .# .
#.. .# #.. .# #..


You could see a crimson imp and a rat.

Vanquished Creatures
  An orc wizard (D:3)
  3 adders (D:2)
  2 worms (D:2)
  4 leopard geckos
  3 orcs (D:3)
  3 bats
  2 giant cockroaches
  5 goblins
  7 hobgoblins
  4 kobolds
  3 frilled lizards
  3 rats
40 creatures vanquished.

Vanquished Creatures (others)
  4 toadstools (D:1)
4 creatures vanquished.

Grand Total: 44 creatures vanquished

Notes
Turn   | Place    | Note
-------+----------+-------------------------------------------
     0 | D:1      | Aksej the Octopode Assassin began the quest for the Orb.
     0 | D:1      | Reached XP level 1. HP: 14/14 MP: 1/1
   122 | D:1      | Reached XP level 2. HP: 2/19 MP: 2/2
   207 | D:1      | Reached skill level 6 in Stealth
   704 | D:2      | Reached XP level 3. HP: 24/24 MP: 3/3
  1009 | D:2      | Reached XP level 4. HP: 29/29 MP: 4/4
  1591 | D:3      | Reached skill level 7 in Stealth
  1597 | D:3      | HP: 1/30 [crimson imp (1)]
  1598 | D:3      | Slain by a crimson imp

Vault maps used:
D:1:      ldierk_water_garden
D:2:      first_bread
D:3:      lemuel_crystal_altar, gup_sewer_entry_pipe

Skill      XL: |  1  2  3  4 |
---------------+-------------+-----
Stealth        | 6 7 |  7.1
Fighting       | |  2.3
Short Blades   | |  2.8
Throwing       | |  2.2
Dodging        | |  1.5

Action                   |  1- 3 |  4- 6 || total
-------------------------+-------+-------++-------
Melee: Dagger            |    47 |    26 ||    73
       Constrict         |     9 |     5 ||    14
       Tentacles         |     7 |     6 ||    13
  Use: Scroll            |     4 |     3 ||     7
       Potion            |       |     3 ||     3
 Stab: Sleeping          |    16 |     5 ||    21
       Distracted        |     1 |       ||     1
  Eat: Chunk             |       |     2 ||     2
Armor: Skin              |     4 |     2 ||     6
Dodge: Dodged            |    16 |    16 ||    32
